 Dungeon Crawl Stone Soup version 0.28.0-43-g3370ac3207 (webtiles) character file.

Game seed: 3814186964591408867

234 Ablot the Grasshopper (level 6, -1/50 HPs)
             Began as a Gnoll Warper on Mar 18, 2022.
             Slain by Natasha (4 damage)
             ... on level 4 of the Dungeon.
             The game lasted 00:03:33 (3490 turns).

Ablot the Grasshopper (Gnoll Warper)                Turns: 3490, Time: 00:03:35

Health: -1/50      AC:  4    Str: 12    XL:     6   Next: 5%
Magic:  13/13      EV: 14    Int: 12    God:
Gold:   325        SH:  0    Dex: 18    Spells: 13/15 levels left

rFire   . . .      SeeInvis .   a - +0 trident
rCold   . . .      Faith    .   (no shield)
rNeg    . . .      Spirit   .   b - +0 leather armour
rPois   +          Reflect  .   (no helmet)
rElec   .          Harm     .   q - +0 cloak
rCorr   .          Rampage  .   (no gloves)
Will    .....                   (no boots)
Stlth   ++........              (no amulet)
HPRegen 0.16/turn               e - ring of poison resistance
MPRegen 0.13/turn               m - +6 ring of dexterity

@: slowed, very slow
A: fangs 1, strong nose, distributed training
a: no special abilities


You were on level 4 of the Dungeon.
You visited 1 branch of the dungeon, and saw 4 of its levels.

You collected 325 gold pieces.

Inventory:

Hand Weapons
 a - a +0 trident (weapon)
Missiles
 d - 5 boomerangs of dispersal
 h - 98 stones (quivered)
 n - 70 arrows
 r - 78 sling bullets
Armour
 b - a +0 leather armour (worn)
 q - a +0 cloak (worn)
Jewellery
 e - a ring of poison resistance (left hand)
 m - a +6 ring of dexterity (right hand)
 p - a ring of wizardry
Scrolls
 c - a scroll of blinking
 g - a scroll of brand weapon {unknown}
 i - a scroll of silence {unknown}
 j - a scroll of amnesia {unknown}
 o - a scroll of enchant weapon {unknown}
 s - a scroll of magic mapping {unknown}
 t - a scroll of teleportation {unknown}
Potions
 f - a potion of curing {unknown}
 k - 2 potions of brilliance {unknown}
 l - a potion of berserk rage {unknown}
 u - a potion of flight {unknown}


   Skills:
 + Level 4.9 Fighting
 + Level 1.7 Short Blades
 + Level 1.7 Long Blades
 + Level 1.7 Axes
 + Level 1.7 Maces & Flails
 + Level 4.9 Polearms
 + Level 1.7 Staves
 + Level 1.7 Slings
 + Level 1.7 Bows
 + Level 1.7 Crossbows
 + Level 3.1 Throwing
 + Level 3.1 Armour
 + Level 4.9 Dodging
 + Level 1.7 Stealth
 + Level 1.7 Shields
 + Level 1.7 Unarmed Combat
 + Level 5.3 Spellcasting
 + Level 1.3 Conjurations
 + Level 1.3 Hexes
 + Level 1.3 Summonings
 + Level 1.3 Necromancy
 + Level 5.6 Translocations
 + Level 1.3 Transmutations
 + Level 1.3 Fire Magic
 + Level 1.3 Ice Magic
 + Level 1.3 Air Magic
 + Level 1.3 Earth Magic
 + Level 1.3 Poison Magic
 + Level 2.0 Invocations
 + Level 1.7 Evocations


You had 13 spell levels left.
You knew the following spells:

 Your Spells              Type           Power      Damage    Failure   Level
a - Blink                 Tloc           32%        N/A       3%          2

Your spell library contained the following spells:

 Spells                   Type           Power      Damage    Failure   Level
 Gell's Gravitas          Tloc           16%        N/A       8%          3
 Lesser Beckoning         Tloc           16%        N/A       8%          3
 Teleport Other           Tloc           16%        N/A       8%          3
 Dazzling Flash           Conj/Hex       12%        N/A       38%         3
 Summon Guardian Golem    Hex/Summ       6%         N/A       38%         3
 Manifold Assault         Tloc           16%        N/A       56%         5
 Agony                    Necr           6%         N/A       98%         5
 Silence                  Hex/Air        3%         N/A       98%         5
 Orb of Destruction       Conj           3%         9d5       100%        7
 Spellforged Servitor     Conj/Summ      3%         N/A       100%        7


Dungeon Overview and Level Annotations

Branches:
Dungeon (4/15)
 Temple: D:4-7

Altars:

Annotations:
D:4 Natasha


Innate Abilities, Weirdness & Mutations

You have very sharp teeth.
Your uncanny sense of smell can sniff out nearby items.
Your experience applies equally to all skills.


Message History

You hit Natasha.
Natasha is heavily wounded.
Natasha claws you.
The white imp hits you but does no damage.
The crimson imp barely misses you.
Natasha mumbles some strange words.
The white imp hits you. The white imp freezes you.
You closely miss Natasha.
Natasha is heavily wounded.
The crimson imp blinks!
Natasha claws you. The white imp closely misses you.
The crimson imp hits you but does no damage.
The crimson imp blinks!
Unknown command.
You hit Natasha.
Natasha is almost dead.
Natasha stares at you and mumbles some strange words.
You feel as though you will be slow longer.
The white imp gestures at you. The puff of frost hits you!
* * * LOW HITPOINT WARNING * * *
The crimson imp closely misses you. The crimson imp barely misses you.
Natasha claws you but does no damage. The white imp gestures at you.
The puff of frost misses you. The crimson imp closely misses you.
You closely miss Natasha.
Natasha is almost dead.
The crimson imp hits you.
* * * LOW HITPOINT WARNING * * *
Natasha misses you. The white imp hits you.
* * * LOW HITPOINT WARNING * * *
The white imp freezes you.
* * * LOW HITPOINT WARNING * * *
The crimson imp misses you.
The crimson imp blinks!
You barely miss Natasha. You bite Natasha, but do no damage.
Natasha is almost dead.
Natasha claws you.
* * * LOW HITPOINT WARNING * * *
The white imp hits you but does no damage.
The crimson imp misses you. Natasha claws you.
You die...

#...........#
#######.#####
#.# #.# #.#
#######.#######
...............
....5...ยง..####
.......@5..#
......5h...#
...........+
....$......#
...........#
......<....#
.!.........#
...........#


You could see Natasha, 2 crimson imps and a white imp (summoned).

Vanquished Creatures
  A phantom (D:4)
  2 centaur skeletons (D:4)
  Natasha (D:4)
  An adder (D:2)
  An adder skeleton (D:4)
  A worm (D:3)
  A dart slug (D:2)
  7 ball pythons
  4 endoplasms
  3 giant cockroaches
  3 goblins
  6 hobgoblins
  2 jackals (D:3)
  4 quokkas (D:1)
  10 bats
  2 frilled lizards (D:1)
  5 kobolds
  8 rats
62 creatures vanquished.

Vanquished Creatures (others)
  5 toadstools (D:2)
5 creatures vanquished.

Grand Total: 67 creatures vanquished

Notes
Turn   | Place    | Note
-------+----------+-------------------------------------------
     0 | D:1      | Ablot the Gnoll Warper began the quest for the Orb.
     0 | D:1      | Reached XP level 1. HP: 20/20 MP: 6/6
   101 | D:1      | Reached XP level 2. HP: 14/26 MP: 7/7
   798 | D:1      | Found a faded altar of an unknown god.
   806 | D:1      | Reached XP level 3. HP: 25/31 MP: 9/9
   808 | D:1      | Reached skill level 5 in Spellcasting
  1309 | D:2      | Reached skill level 1 in Invocations
  1653 | D:2      | Identified the +0 scale mail "Awaradas" {rF+ Str+3}
  1678 | D:2      | Reached skill level 1 in Short Blades
  1678 | D:2      | Reached skill level 1 in Long Blades
  1678 | D:2      | Reached skill level 1 in Axes
  1678 | D:2      | Reached skill level 1 in Maces & Flails
  1678 | D:2      | Reached skill level 1 in Staves
  1678 | D:2      | Reached skill level 1 in Slings
  1678 | D:2      | Reached skill level 1 in Bows
  1678 | D:2      | Reached skill level 1 in Crossbows
  1678 | D:2      | Reached skill level 1 in Stealth
  1678 | D:2      | Reached skill level 1 in Shields
  1678 | D:2      | Reached skill level 1 in Unarmed Combat
  1678 | D:2      | Reached skill level 1 in Evocations
  1715 | D:2      | Learned a level 2 spell: Blink
  2289 | D:2      | Reached XP level 4. HP: 38/38 MP: 11/11
  3005 | D:4      | Reached skill level 1 in Conjurations
  3005 | D:4      | Reached skill level 1 in Hexes
  3005 | D:4      | Reached skill level 1 in Summonings
  3005 | D:4      | Reached skill level 1 in Necromancy
  3005 | D:4      | Reached skill level 1 in Transmutations
  3005 | D:4      | Reached skill level 1 in Fire Magic
  3005 | D:4      | Reached skill level 1 in Ice Magic
  3005 | D:4      | Reached skill level 1 in Air Magic
  3005 | D:4      | Reached skill level 1 in Earth Magic
  3005 | D:4      | Reached skill level 1 in Poison Magic
  3134 | D:4      | Noticed a phantom
  3152 | D:4      | Killed a phantom
  3153 | D:4      | Reached XP level 5. HP: 22/43 MP: 12/12
  3313 | D:4      | Noticed Natasha
  3326 | D:4      | Killed Natasha
  3327 | D:4      | Reached XP level 6. HP: 33/50 MP: 13/13
  3475 | D:4      | Noticed Natasha
  3490 | D:4      | Slain by Natasha

Illustrated notes

Levels and vault maps discovered:
D:1:      amcnicky_arrival_underground_garden, layout_basic,
          nicolae_ecumenical_snake_handling
D:2:      layout_basic, minmay_gold_behind_fungi, grunt_ministairs_5
D:3:      layout_basic
D:4:      layout_basic, lemuel_doored_altar, lemuel_old_faithful, uniq_natasha,
          uniq_crazy_yiuf_cottage

Skill      XL: |  1  2  3  4  5 |
---------------+----------------+-----
Spellcasting   | 5 |  5.3
Invocations    | 1 2 |  2.0
Short Blades   | 1 |  1.7
Long Blades    | 1 |  1.7
Axes           | 1 |  1.7
Maces & Flails | 1 |  1.7
Staves         | 1 |  1.7
Slings         | 1 |  1.7
Bows           | 1 |  1.7
Crossbows      | 1 |  1.7
Stealth        | 1 |  1.7
Shields        | 1 |  1.7
Unarmed Combat | 1 |  1.7
Evocations     | 1 |  1.7
Conjurations   | 1 |  1.3
Hexes          | 1 |  1.3
Summonings     | 1 |  1.3
Necromancy     | 1 |  1.3
Transmutations | 1 |  1.3
Fire Magic     | 1 |  1.3
Ice Magic      | 1 |  1.3
Air Magic      | 1 |  1.3
Earth Magic    | 1 |  1.3
Poison Magic   | 1 |  1.3
Throwing       | 3 |  3.1
Armour         | 3 |  3.1
Fighting       | |  4.9
Polearms       | |  4.9
Dodging        | |  4.9
Translocations | |  5.6

Action                   |  1- 3 |  4- 6 || total
-------------------------+-------+-------++-------
Melee: Spear             |   137 |    34 ||   171
       Bite              |     9 |    14 ||    23
       Punch             |     3 |     1 ||     4
       Trident           |       |    52 ||    52
Throw: Stone             |       |     4 ||     4
 Stab: Sleeping          |     3 |     4 ||     7
Armor: Leather armour    |    20 |    23 ||    43
Dodge: Dodged            |    67 |    66 ||   133
